 Dungeon Crawl Stone Soup version 0.31.0-2-g5a2aebc5c2 (webtiles) character file.

Game seed: 10877742861752660910

7801 runemasterragnar the Fighter (level 11, -2/87 HPs)
             Began as a Merfolk Gladiator on Jan 20, 2024.
             Was a Plaything of Xom.
             Killed from afar by an acid dragon (20 damage)
             ... with a splash of acid
             ... on level 9 of the Dungeon.
             The game lasted 00:12:21 (8468 turns).

runemasterragnar the Fighter (Merfolk Gladiator)    Turns: 8468, Time: 00:12:21

Health: -2/87      AC:  8    Str: 16    XL:     11   Next: 20%
Magic:  9/9        EV: 12    Int: 17    God:    Xom [.*....]
Gold:   501        SH:  0    Dex: 15    Spells: 10/10 levels left

rFire   x . .        h - +7 battleaxe
rCold   . . .        (shield currently unavailable)
rNeg    . . .        F - +3 ring mail of Contentment {rElec Stlth+}
rPois   .            c - +1 helmet
rElec   +            J - +0 cloak
rCorr   .            (no gloves)
SInv    .            B - +0 pair of boots
Will    +....        s - amulet of regeneration
Stlth   ++           p - ring of flight
HPRegen 1.94/turn    y - +6 ring of intelligence
MPRegen 0.11/turn

%: no passive effects
@: corroded, flying
A: (nimble swimmer 2), mertail, frail 1, low MP 1, strong-willed 1, regeneration
1, wild magic 1, heat vulnerability 1, MP-powered wands
a: Renounce Religion


You were on level 9 of the Dungeon.
You worshipped Xom.
You were a plaything of Xom.
You visited 1 branch of the dungeon, and saw 9 of its levels.

You collected 586 gold pieces.
You spent 85 gold pieces at shops.

Inventory:

Hand Weapons
 h - a +7 battleaxe (weapon)
 w - a +0 hand axe of draining
 K - a +0 halberd of protection
Missiles
 d - 5 throwing nets (quivered)
 e - a javelin
Armour
 a - +0 steam dragon scales
 c - a +1 helmet (worn)
 B - a +0 pair of boots (worn)
 F - the +3 ring mail of Contentment (worn) {rElec Stlth+}
   (You found it on level 6 of the Dungeon)

   rElec:     It insulates you from electricity.
   Stlth+:    It makes you more stealthy.
 J - a +0 cloak (worn)
Magical Staves
 l - a staff of alchemy
Jewellery
 p - a ring of flight (left hand)
 s - an amulet of regeneration (around neck)
 y - a +6 ring of intelligence (right hand)
 G - an amulet of the acrobat
Talismans
 v - a beast talisman
Wands
 k - a wand of charming (11)
 q - a wand of mindburst (8)
 A - a wand of quicksilver (7)
 I - a wand of polymorph (11)
Scrolls
 f - a scroll of brand weapon {unknown}
 i - 7 scrolls of teleportation
 j - 2 scrolls of enchant armour
 n - 2 scrolls of poison
 z - a scroll of amnesia
 E - a scroll of summoning {unknown}
 H - a scroll of enchant weapon {unknown}
 M - a scroll of fog {unknown}
Potions
 b - 2 potions of heal wounds
 g - a potion of lignification
 m - 2 potions of brilliance
 o - 3 potions of ambrosia
 r - 3 potions of enlightenment
 u - a potion of attraction
 x - a potion of mutation
 C - a potion of haste
 L - a potion of magic
 N - a potion of curing


   Skills:
 + Level 12.9 Fighting
 + Level 9.3(9.8) Axes
 - Level 7.2(11.6) Polearms
 - Level 2.6 Throwing
 - Level 4.7 Dodging


You had 10 spell levels left.
You didn't know any spells.
Your spell library contained the following spells:

 Spells                   Type           Power      Damage    Failure   Level
 Kiss of Death            Conj/Necr      0%         2d5       50%         1
 Confusing Touch          Hex            0%         N/A       86%         3
 Gell's Gravitas          Tloc           0%         N/A       86%         3
 Teleport Other           Tloc           0%         N/A       86%         3
 Dispel Undead            Necr           0%         3d6       99%         4
 Dispersal                Tloc           0%         N/A       100%        6


Dungeon Overview and Level Annotations

Branches:
Dungeon (9/15)             Temple (0/1) D:5
   Lair: D:8-11         Orc: D:9-12

Altars:
Ashenzari
Dithmenos
Makhleb
Okawaru
Qazlal
Ru
Trog
Uskayaw
Xom
Zin
The Shining One

Shops:
D:8 *


Innate Abilities, Weirdness & Mutations

((You are very nimble when in or above water. (Stealth+, EV+, Speed+++)))
Your lower body shifts to a powerful aquatic tail in water.
You are frail. (-10% HP)
Your magical capacity is low. (-10% MP)
You are strong-willed. (Will+)
Your natural rate of healing is unusually fast.
Your spells are a little harder to cast, but a little more powerful.
You are vulnerable to heat. (rF-)
You expend magic power (3 MP) to strengthen your wands.


Message History

The acid dragon spits acid at you. The splash of acid hits you!!
The acid corrodes you! The orc warrior misses you.
The orc warrior hits you with a +0 war axe.
You hear a bellow!
You slice the orc warrior!!
You kill the orc warrior!
You slash the acid dragon! You slash the orc warrior!
The orc warrior hits you with a +0 rapier.
The acid dragon bites you! The acid dragon barely misses you.
Unknown command.
Unknown command.
You hit the acid dragon but do no damage.
The acid dragon is heavily wounded.
You hit the orc warrior.
The orc warrior hits you with a +0 rapier.
The acid dragon bites you!
* * * LOW HITPOINT WARNING * * *
The acid dragon claws you but does no damage.
Unknown command.
Unknown command.
You hit the orc warrior.
The orc warrior is severely wounded.
You hit the acid dragon.
The orc warrior hits you with a +0 rapier.
* * * LOW HITPOINT WARNING * * *
The acid dragon closely misses you.
The acid dragon claws you but does no damage.
The acid dragon bites you but does no damage.
The acid dragon closely misses you.
The orc warrior hits you with a +0 rapier!
* * * LOW HITPOINT WARNING * * *
Unknown command.
Unknown command.
You slash the orc warrior!
You kill the orc warrior!
You hit the acid dragon. The acid dragon spits acid at you.
The splash of acid hits you!!
You die...

######### #.#
#......#.# ........#
##[# #......#.#
........# #..#
#......#.# .....)..#
##''## #......#.#
........# ##....##
######...# ........#
##......##############
........#
#...$$...#........####
........#
#..$$.$..#...........#
........#
#..$.@$..#.........#.#
.########
#...D$$..#########.#.#
.# ##......## #.#.# .#
##:...## #.#.# ##
####'# #.#.# ## ..
#.#.# .# ## #.#.# .###
#.... ...# ###.#


You could see an acid dragon (catching breath).

Vanquished Creatures
  A boulder beetle (D:7)
  2 two-headed ogres
  A hornet (D:9)
  10 yaks (D:8)
  A wyvern (D:9)
  2 steam dragons
  A vampire mosquito (D:9)
  Menkaure (D:6)
  4 water moccasins
  2 black bears (D:5)
  5 orc warriors
  3 sky beasts
  3 ogres
  An ice beast (D:6)
  A centaur (D:8)
  A phantom (D:4)
  2 kobold brigands
  3 bullfrogs
  A gnoll sergeant (D:5)
  A scorpion (D:6)
  10 wights
  A killer bee (D:9)
  An electric eel (D:8)
  3 bombardier beetles
  A gnoll bouda (D:6)
  2 orc priests
  5 hounds
  3 jellies
  A sleepcap (D:7)
  2 iguanas
  9 orc wizards
  14 gnolls
  4 adders
  A shadow imp (D:6)
  A white imp (D:7)
  4 ribbon worms
  2 dart slugs
  23 orcs
  6 bats
  5 endoplasms
  5 giant cockroaches
  7 goblins
  7 hobgoblins
  3 jackals (D:4)
  3 quokkas
  5 ball pythons
  2 frilled lizards
  15 kobolds
  5 rats
196 creatures vanquished.

Vanquished Creatures (others)
  An orc priest (D:7)
1 creature vanquished.

Grand Total: 197 creatures vanquished

Notes
Turn   | Place    | Note
-------+----------+-------------------------------------------
     0 | D:1      | runemasterragnar the Merfolk Gladiator began the quest for
                  | the Orb.
     0 | D:1      | Reached XP level 1. HP: 16/16 MP: 1/1
    77 | D:1      | Reached XP level 2. HP: 23/23 MP: 2/2
   643 | D:1      | Reached XP level 3. HP: 28/28 MP: 3/3
  1136 | D:2      | Reached skill level 5 in Polearms
  1143 | D:2      | Found a shimmering altar of Xom.
  1157 | D:2      | Reached XP level 4. HP: 29/34 MP: 4/4
  1743 | D:2      | Became a worshipper of Xom of Many Doors
  1829 | D:3      | Found a shimmering altar of Xom.
  2064 | D:3      | XOM: divination: detect creatures
  2177 | D:3      | Reached skill level 3 in Fighting
  2206 | D:3      | Reached XP level 5. HP: 41/41 MP: 5/5
  2297 | D:3      | XOM: potion effect (berserk rage)
  2301 | D:3      | Reached XP level 6. HP: 48/48 MP: 6/6
  2530 | D:3      | Reached skill level 4 in Fighting
  2647 | D:3      | XOM: silly message
  3065 | D:3      | XOM: silly message
  3091 | D:3      | XOM: divination: detect items
  3302 | D:4      | Gained mutation: You possess an exceptional clarity of
                  | mind. [potion of mutation]
  3302 | D:4      | Gained mutation: You are strong-willed. (Will+) [potion of
                  | mutation]
  3302 | D:4      | Gained mutation: You have hidden genetic potential. [potion
                  | of mutation]
  3307 | D:4      | Reached skill level 5 in Fighting
  3311 | D:4      | Reached skill level 1 in Axes
  3311 | D:4      | Reached XP level 7. HP: 43/56 MP: 7/7
  3388 | D:4      | Found a broken altar of Ashenzari.
  3479 | D:4      | XOM: silly message
  3582 | D:4      | Found a hide-covered altar of Uskayaw.
  3587 | D:4      | XOM: draining
  3770 | D:5      | Entered Level 5 of the Dungeon
  3861 | D:5      | XOM: give mutation
  3861 | D:5      | Gained mutation: You expend magic power (3 MP) to
                  | strengthen your wands. [Xom's mischief]
  3956 | D:5      | Gained mutation: You have great hidden genetic potential.
                  | [hidden potential]
  3965 | D:5      | XOM: stat loss: -1 Dex (14/15)
  4010 | D:5      | Reached skill level 6 in Fighting
  4015 | D:5      | Reached XP level 8. HP: 27/65 MP: 1/8
  4126 | D:5      | XOM: repel stairs
  4130 | D:5      | XOM: summons 2 friendly demons
  4135 | D:5      | Reached skill level 7 in Fighting
  4158 | D:5      | Gained mutation: You have very sharp teeth. [hidden
                  | potential]
  4158 | D:5      | Lost mutation: You have great hidden genetic potential.
                  | [hidden potential expressed]
  4338 | D:5      | Found a staircase to the Ecumenical Temple.
  4808 | D:6      | Reached skill level 8 in Fighting
  4933 | D:6      | Found a shadowy altar of Dithmenos.
  4957 | D:6      | Noticed Menkaure
  4961 | D:6      | Killed Menkaure
  4962 | D:6      | Reached skill level 5 in Axes
  4962 | D:6      | Reached XP level 9. HP: 40/75 MP: 9/9
  5160 | D:6      | XOM: silly message
  5161 | D:6      | Gained mutation: Your natural rate of healing is unusually
                  | fast. [hidden potential]
  5189 | D:6      | Identified the +3 ring mail of Contentment {rElec Stlth+}
  5320 | D:6      | XOM: potion effect (heal wounds)
  5328 | D:6      | Reached skill level 9 in Fighting
  5342 | D:6      | XOM: potion effect (brilliance)
  5356 | D:6      | XOM: silly message
  5370 | D:6      | XOM: summons friendly white imp
  5484 | D:6      | XOM: give mutations
  5484 | D:6      | Gained mutation: Your body sometimes deteriorates upon
                  | taking damage. [Xom's mischief]
  5484 | D:6      | Lost mutation: Your body sometimes deteriorates upon taking
                  | damage. [Xom's mischief]
  5484 | D:6      | Gained mutation: You are vulnerable to heat. (rF-) [Xom's
                  | mischief]
  6014 | D:7      | XOM: divination: detect creatures
  6041 | D:7      | Found a stormy altar of Qazlal.
  6080 | D:7      | Noticed a boulder beetle
  6084 | D:7      | XOM: summons friendly white imp
  6097 | D:7      | XOM: enchant monster (good)
  6103 | D:7      | XOM: scenery: create altars
  6104 | D:7      | XOM: silly message
  6112 | D:7      | XOM: divination: detect creatures
  6120 | D:7      | Killed a boulder beetle
  6121 | D:7      | Reached skill level 10 in Fighting
  6397 | D:7      | Found an iron altar of Okawaru.
  6403 | D:7      | Reached XP level 10. HP: 86/86 MP: 10/10
  6457 | D:7      | XOM: give mutations
  6457 | D:7      | Gained mutation: You are frail. (-10% HP) [Xom's mischief]
  6457 | D:7      | Lost mutation: You possess an exceptional clarity of mind.
                  | [Xom's mischief]
  6457 | D:7      | Lost mutation: You have very sharp teeth. [Xom's mischief]
  6457 | D:7      | Gained mutation: Your magical capacity is low. (-10% MP)
                  | [Xom's mischief]
  6504 | D:7      | Found a glowing silver altar of Zin.
  6654 | D:8      | Reached skill level 11 in Fighting
  6668 | D:8      | Gained mutation: Your spells are a little harder to cast,
                  | but a little more powerful. [hidden potential]
  6668 | D:8      | Lost mutation: You have hidden genetic potential. [hidden
                  | potential expressed]
  6786 | D:8      | Found a burning altar of Makhleb.
  6812 | D:8      | Found Jaseelai's Assorted Antiques.
  6820 | D:8      | Bought a dented zirconium amulet for 85 gold pieces
  6867 | D:8      | Noticed a two-headed ogre
  6872 | D:8      | XOM: repel stairs
  6875 | D:8      | Killed a two-headed ogre
  6940 | D:8      | Found a bloodstained altar of Trog.
  6995 | D:8      | XOM: confusion
  7015 | D:8      | Found a glowing golden altar of the Shining One.
  7248 | D:8      | Reached skill level 12 in Fighting
  7776 | D:9      | Reached XP level 11. HP: 85/86 MP: 9/9
  7971 | D:9      | XOM: cleaving
  7978 | D:9      | Noticed a two-headed ogre
  7980 | D:9      | a wyvern changed into an entropy weaver
  7980 | D:9      | Noticed an entropy weaver
  7980 | D:9      | XOM: polymorph wyvern -> entropy weaver
  7988 | D:9      | XOM: confuse monster(s)
  7992 | D:9      | Killed a two-headed ogre
  8108 | D:9      | an entropy weaver changed into a water moccasin
  8143 | D:9      | XOM: 3-stop teleportation journey
  8168 | D:9      | XOM: enchant monster (good)
  8182 | D:9      | Found a sacrificial altar of Ru.
  8383 | D:9      | XOM: noise
  8468 | D:9      | Killed from afar by an acid dragon

Illustrated notes

Levels and vault maps discovered:
D:1:      mrwooster_arrival_statue_2, layout_loops_ring, minmay_bisected
D:2:      layout_loops_corners, basic_altar
D:3:      layout_basic, xom_butterflies, chequers_serial_rivers_micro_b,
          mrwooster_statue_mirror, chequers_serial_rivers_room_a,
          minmay_misc_feat_tiny
D:4:      layout_cave_pools, mainiacjoe_overflow_alcove_1, amcnicky_altar_gilded
D:5:      layout_basic, minmay_temple_entry_glass, minmay_crystal_room
D:6:      layout_layer_cave, mainiacjoe_overflow_brackets,
          chequers_serial_rivers_micro_a, grunt_ministairs_13, uniq_menkaure
D:7:      layout_rooms, old_standard_altar, nicolae_qazlal_general_emergency,
          zin_scriptorium, kennysheep_generic_room_13
D:8:      cheibrodos_helix_gallery, layout_cave_pods, kennysheep_mini,
          mainiacjoe_overflow_paths, lightli_temple_of_fire, serial_shops, shop
D:9:      minmay_polygon_palace, layout_basic, mainiacjoe_overflow_alcove_4,
          uniq_joseph

Skill      XL: |  1  2  3  4  5  6  7  8  9 10 11 |
---------------+----------------------------------+-----
Polearms       | 5 6 7 |  7.2
Fighting       | 3 5 6 8 10 12 | 12.9
Axes           | 1 3 5 7 8 9 |  9.3
Throwing       | |  2.6
Dodging        | |  4.7

Action                     |  1- 3 |  4- 6 |  7- 9 | 10-12 || total
---------------------------+-------+-------+-------+-------++-------
  Melee: Trident           |   123 |    83 |       |       ||   206
         Punch             |     1 |     1 |       |       ||     2
         Battleaxe         |       |    23 |   185 |   117 ||   325
         Bite              |       |       |    12 |     1 ||    13
  Throw: Throwing net      |       |       |     1 |       ||     1
  Evoke: Wand              |       |     6 |    11 |     4 ||    21
    Use: Scroll            |       |    13 |     3 |     2 ||    18
         Potion            |       |     1 |     5 |     1 ||     7
   Stab: Sleeping          |     2 |       |       |       ||     2
 Armour: Leather armour    |    53 |    47 |     7 |       ||   107
         Ring mail         |       |       |   214 |   136 ||   350
         Skin              |       |       |    17 |       ||    17
  Dodge: Dodged            |    55 |    67 |   137 |    94 ||   353
